 Dungeon Crawl Stone Soup version 0.27-a0-1277-g3808f8b1c9 (webtiles) character file.

Game seed: 15598426196100836650

1611 Glokmah the Caller (level 8, -1/60 HPs)
             Began as a Gnoll Summoner on June 12, 2021.
             Was a Believer of Zin.
             Slain by a yak (12 damage)
             ... on level 6 of the Dungeon.
             The game lasted 00:17:27 (7026 turns).

Glokmah the Caller (Gnoll Summoner)                 Turns: 7026, Time: 00:17:29

Health: -1/60      AC: 12    Str: 10    XL:     8   Next: 95%
Magic:  9/17       EV: 13    Int: 14    God:    Zin [**....]
Gold:   443        SH:  0    Dex: 13    Spells: 7/19 levels left

rFire    . . .     SeeInvis .   a - +1 trident (venom)
rCold    + . .     Faith    .   (no shield)
rNeg     . . .     Spirit   .   y - +3 leather armour {rC+}
rPois    .         Reflect  .   n - +0 helmet
rElec    .         Harm     .   j - +2 cloak
rCorr    .         Rampage  .   (no gloves)
Will     .....                  m - +1 pair of boots
Stlth    +++.......             (no amulet)
HPRegen  0.20/turn              p - ring of flight
MPRegen  0.15/turn              (no ring)

@: flying
A: fangs 1, strong nose, distributed training
a: Renounce Religion, Recite, Vitalisation, Donate Gold


You were on level 6 of the Dungeon.
You worshipped Zin.
Zin was pleased with you.
You visited 1 branch of the dungeon, and saw 6 of its levels.
You also visited: Sewer.

You collected 492 gold pieces.
You donated 49 gold pieces to Zin.

Inventory:

Hand Weapons
 a - a +1 trident of venom (weapon)
 c - a +1 spear
 i - a +2 quarterstaff of chaos
 q - a +0 glaive
Missiles
 b - 4 atropa-tipped darts
 f - 7 boomerangs (quivered)
 g - 103 stones
 k - 7 datura-tipped darts
 l - 2 javelins
 u - 5 poisoned darts
Armour
 j - a +2 cloak (worn)
 m - a +1 pair of boots (worn)
 n - a +0 helmet (worn)
 y - a +3 leather armour of cold resistance (worn)
Jewellery
 p - a ring of flight (left hand)
 x - an amulet of magic regeneration
Wands
 h - a wand of paralysis (11)
Scrolls
 d - 2 scrolls of identify
Potions
 e - 2 potions of curing
 o - a potion of invisibility
 r - a potion of haste
 t - a potion of magic
 v - 3 potions of flight


   Skills:
 + Level 3.7 Fighting
 + Level 3.7 Short Blades
 + Level 3.7 Long Blades
 + Level 3.7 Axes
 + Level 3.7 Maces & Flails
 + Level 3.7 Polearms
 + Level 3.7 Staves
 + Level 3.7 Slings
 + Level 3.7 Bows
 + Level 3.7 Crossbows
 + Level 3.7 Throwing
 + Level 3.7 Armour
 + Level 6.0 Dodging
 + Level 5.6 Stealth
 + Level 3.7 Shields
 + Level 3.7 Unarmed Combat
 + Level 6.3 Spellcasting
 + Level 3.0 Conjurations
 + Level 3.0 Hexes
 + Level 7.8 Summonings
 + Level 3.0 Necromancy
 + Level 3.0 Translocations
 + Level 3.0 Transmutations
 + Level 3.0 Fire Magic
 + Level 3.0 Ice Magic
 + Level 3.0 Air Magic
 + Level 3.0 Earth Magic
 + Level 3.0 Poison Magic
 + Level 4.1 Invocations
 + Level 3.7 Evocations


You had 7 spell levels left.
You knew the following spells:

 Your Spells              Type           Power      Damage    Failure   Level
a - Call Imp              Summ           26%        N/A       1%          2
b - Call Canine Familiar  Summ           26%        N/A       2%          3
c - Summon Lightning Spi  Summ/Air       19%        N/A       22%         4
d - Confusing Touch       Hex            13%        N/A       17%         3

Your spell library contained the following spells:

 Spells                   Type           Power      Damage    Failure   Level
 Summon Small Mammal      Summ           100%       N/A       1%          1
 Corona                   Hex            14%        N/A       6%          1
 Summon Guardian Golem    Hex/Summ       19%        N/A       6%          3
 Ensorcelled Hibernation  Hex/Ice        26%        N/A       9%          2
 Dazzling Flash           Conj/Hex       26%        N/A       17%         3
 Tukima's Dance           Hex            13%        N/A       17%         3
 Summon Ice Beast         Ice/Summ       19%        N/A       22%         4


Dungeon Overview and Level Annotations

Branches:
Dungeon (6/15)             Temple (0/1) D:6           Sewer (visited)

Altars:
Trog
Wu Jian
Zin

Shops:
D:3 :


Innate Abilities, Weirdness & Mutations

You have very sharp teeth.
Your uncanny sense of smell can sniff out nearby items.
Your experience applies equally to all skills.


Message History

The yak is moderately wounded.
The yak barely misses you. The yak gores you but does no damage.
The yak barely misses you. The yak gores you but does no damage.
The yak gores you.
* * * LOW HITPOINT WARNING * * *
Unknown command.
Okay, then.
You feel much better. The yak gores you. The yak closely misses you.
The yak gores you but does no damage. The yak gores you.
You barely miss the yak.
The yak is moderately wounded.
The yak barely misses you. The yak gores you.
* * * LOW HITPOINT WARNING * * *
The yak gores you but does no damage. The yak closely misses you.
You hit the yak.
The yak looks as sick as possible!
The yak is moderately wounded.
The yak gores you.
* * * LOW HITPOINT WARNING * * *
The yak barely misses you. The yak gores you!
* * * LOW HITPOINT WARNING * * *
The yak gores you but does no damage.
Okay, then.
There's no appreciative audience!
Unknown command.
You feel much better.
The yak gores you but does no damage. x3
The yak barely misses you.
You hit the yak.
The yak is severely wounded.
The yak closely misses you.
The yak gores you but does no damage. x4
You barely miss the yak.
The yak is severely wounded.
The yak looks more healthy.
The yak completely misses you. The yak gores you but does no damage.
The yak gores you! The yak gores you.
You puncture the yak!
The yak looks as sick as possible!
The yak is almost dead.
The yak barely misses you. The yak gores you but does no damage.
The yak gores you!
* * * LOW HITPOINT WARNING * * *
The yak gores you!
You die...

####......##
###..### ##..##
###..## ##...##
###..###
###...#########
#..YY#........###
###@Y...........#
##Y...........#
##.............#
#...............#
#.8.............#
##..............#
#.............>#
#..............
#...........


You could see 4 yaks.

Vanquished Creatures
  3 yaks (D:6)
  2 sky beasts
  An ice beast (D:6)
  A bullfrog zombie (D:6)
  An orc priest (D:6)
  An orc wizard (D:6)
  An iguana (D:6)
  A scorpion zombie (D:5)
  2 hound skeletons
  A gnoll (D:3)
  2 adders (D:4)
  A river rat (Sewer)
  2 worms (D:5)
  An orc (D:3)
  5 endoplasms
  A giant cockroach (D:3)
  5 goblins
  3 hobgoblins
  6 jackals
  3 kobolds
  A quokka (D:5)
  2 ball pythons
  5 bats
  4 frilled lizards
  5 rats
60 creatures vanquished.

Vanquished Creatures (collateral kills)
  Eustachio (D:6)
  2 yaks (D:6)
  Menkaure (D:5)
  A water moccasin (D:4)
  An ice beast (D:5)
  A black bear (D:5)
  A kobold brigand (Sewer)
  A nameless horror (D:5)
  A bullfrog (D:6)
  A scorpion (D:5)
  Crazy Yiuf (D:2)
  2 bullfrog skeletons
  A hound (D:4)
  Jessica (D:3)
  An iguana (D:5)
  2 orc wizards
  2 gnolls (D:3)
  6 adders
  A river rat (Sewer)
  An ufetubus (D:4)
  An adder skeleton (D:3)
  5 worms
  A dart slug (D:3)
  4 orcs
  4 endoplasms
  2 goblins (D:4)
  7 hobgoblins
  7 jackals
  2 quokkas
  3 ball pythons
  5 kobolds
  5 rats
75 creatures vanquished.

Grand Total: 135 creatures vanquished

Notes
Turn   | Place    | Note
-------+----------+-------------------------------------------
     0 | D:1      | Glokmah the Gnoll Summoner began the quest for the Orb.
     0 | D:1      | Reached XP level 1. HP: 13/13 MP: 6/6
   436 | D:1      | Reached XP level 2. HP: 9/19 MP: 4/7
   992 | D:1      | You fall into a shaft and drop 1 floor!
  1223 | D:2      | Learned a level 2 spell: Call Imp
  1305 | D:2      | Found a runed translucent door.
  1306 | D:2      | Noticed Crazy Yiuf
  1349 | D:2      | Killed Crazy Yiuf
  1350 | D:2      | Reached skill level 5 in Spellcasting
  1350 | D:2      | Reached skill level 1 in Invocations
  1350 | D:2      | Reached XP level 3. HP: 25/25 MP: 1/9
  1559 | D:2      | Learned a level 3 spell: Call Canine Familiar
  1831 | D:2      | Found a faded altar of an unknown god.
  1943 | D:2      | You fall into a shaft and drop 1 floor!
  1958 | D:3      | Reached skill level 1 in Fighting
  1958 | D:3      | Reached skill level 1 in Short Blades
  1958 | D:3      | Reached skill level 1 in Long Blades
  1958 | D:3      | Reached skill level 1 in Axes
  1958 | D:3      | Reached skill level 1 in Maces & Flails
  1958 | D:3      | Reached skill level 1 in Polearms
  1958 | D:3      | Reached skill level 1 in Staves
  1958 | D:3      | Reached skill level 1 in Slings
  1958 | D:3      | Reached skill level 1 in Bows
  1958 | D:3      | Reached skill level 1 in Crossbows
  1958 | D:3      | Reached skill level 1 in Throwing
  1958 | D:3      | Reached skill level 1 in Armour
  1958 | D:3      | Reached skill level 1 in Shields
  1958 | D:3      | Reached skill level 1 in Unarmed Combat
  1958 | D:3      | Reached skill level 1 in Evocations
  1968 | D:3      | Reached XP level 4. HP: 16/32 MP: 2/11
  2702 | D:3      | Found Doeciu's Book Shop.
  2942 | D:3      | Reached skill level 1 in Conjurations
  2942 | D:3      | Reached skill level 1 in Hexes
  2942 | D:3      | Reached skill level 1 in Necromancy
  2942 | D:3      | Reached skill level 1 in Translocations
  2942 | D:3      | Reached skill level 1 in Transmutations
  2942 | D:3      | Reached skill level 1 in Fire Magic
  2942 | D:3      | Reached skill level 1 in Ice Magic
  2942 | D:3      | Reached skill level 1 in Air Magic
  2942 | D:3      | Reached skill level 1 in Earth Magic
  2942 | D:3      | Reached skill level 1 in Poison Magic
  3052 | D:3      | Found a large runed translucent door.
  3052 | D:3      | Found a large runed translucent door.
  3155 | D:3      | Reached XP level 5. HP: 37/37 MP: 3/12
  3233 | D:3      | Found an ornate altar of the Wu Jian Council.
  3239 | D:3      | Found a bloodstained altar of Trog.
  3275 | D:3      | Noticed Jessica
  3281 | D:3      | Killed Jessica
  3697 | D:4      | Noticed a water moccasin
  3706 | D:4      | Killed a water moccasin
  3707 | D:4      | Reached XP level 6. HP: 17/44 MP: 10/13
  4355 | D:5      | Entered Level 5 of the Dungeon
  4409 | D:5      | Reached skill level 5 in Dodging
  4419 | D:5      | Learned a level 4 spell: Summon Lightning Spire
  4462 | D:5      | Noticed a sky beast
  4496 | D:5      | Killed a sky beast
  4518 | D:5      | Noticed a black bear
  4531 | D:5      | Killed a black bear
  4532 | D:5      | Reached XP level 7. HP: 20/50 MP: 3/15
  4801 | D:5      | Found a glowing drain.
  4805 | Sewer    | Entered a sewer
  5165 | Sewer    | Found a white marble altar of Elyvilon.
  5341 | D:5      | Noticed Menkaure
  5351 | D:5      | Killed Menkaure
  5561 | D:5      | Reached skill level 5 in Stealth
  5789 | D:6      | Learned a level 3 spell: Confusing Touch
  5842 | D:6      | Noticed Eustachio
  5852 | D:6      | Killed Eustachio
  5948 | D:6      | Noticed a yak
  6097 | D:6      | Found a glowing silver altar of Zin.
  6113 | D:6      | Noticed a yak
  6119 | D:6      | Noticed a nameless horror
  6147 | D:5      | Killed a nameless horror
  6259 | D:6      | Killed a yak
  6260 | D:6      | Reached XP level 8. HP: 25/58 MP: 13/16
  6310 | D:6      | Became a worshipper of Zin the Law-Giver
  6310 | D:6      | Reached * piety under Zin
  6310 | D:6      | Reached ** piety under Zin
  6376 | D:6      | Noticed a yak
  6378 | D:6      | Noticed a yak
  6382 | D:6      | Killed a yak
  6385 | D:6      | Killed a yak
  6397 | D:6      | Killed a yak
  6628 | D:6      | Found a staircase to the Ecumenical Temple.
  6656 | D:6      | HP: 1/59 [orc warrior (6)]
  6982 | D:6      | Noticed a yak
  6992 | D:6      | Noticed a yak
  6993 | D:6      | Noticed a yak
  6993 | D:6      | Noticed a yak
  6999 | D:6      | Noticed a yak
  7001 | D:6      | Killed a yak
  7026 | D:6      | Slain by a yak

Illustrated notes

Levels and vault maps discovered:
D:1:      dpeg_arrival_tiny_f, layout_loops_ring
D:2:      layout_basic, ebering_ecumenical_altar_mist, serial_rivers,
          chequers_serial_rivers_large_b, chequers_serial_rivers_micro_a,
          chequers_serial_rivers_large_a, chequers_serial_rivers_room_b,
          kennysheep_donut, uniq_crazy_yiuf_cottage
D:3:      minmay_general_purpose_star, layout_rooms, jmf_multi_god_temple2,
          serial_shops, shop_coins, uniq_jessica
D:4:      layout_rooms
D:5:      layout_rooms, gup_sewer_entry_spiral, kennysheep_crisscross,
          hangedman_decor_opposing, hex_medium, uniq_menkaure
D:6:      layout_cave_pods, zin_treasury, minmay_temple_entry_tees,
          kennysheep_generic_room_5, uniq_eustachio

Skill      XL: |  1  2  3  4  5  6  7  8 |
---------------+-------------------------+-----
Spellcasting   | 5 6 |  6.3
Invocations    | 1 2 3 4 |  4.1
Fighting       | 1 2 3 |  3.7
Short Blades   | 1 2 3 |  3.7
Long Blades    | 1 2 3 |  3.7
Axes           | 1 2 3 |  3.7
Maces & Flails | 1 2 3 |  3.7
Polearms       | 1 2 3 |  3.7
Staves         | 1 2 3 |  3.7
Slings         | 1 2 3 |  3.7
Bows           | 1 2 3 |  3.7
Crossbows      | 1 2 3 |  3.7
Throwing       | 1 2 3 |  3.7
Armour         | 1 2 3 |  3.7
Shields        | 1 2 3 |  3.7
Unarmed Combat | 1 2 3 |  3.7
Evocations     | 1 2 3 |  3.7
Conjurations   | 1 2 3 |  3.0
Hexes          | 1 2 3 |  3.0
Necromancy     | 1 2 3 |  3.0
Translocations | 1 2 3 |  3.0
Transmutations | 1 2 3 |  3.0
Fire Magic     | 1 2 3 |  3.0
Ice Magic      | 1 2 3 |  3.0
Air Magic      | 1 2 3 |  3.0
Earth Magic    | 1 2 3 |  3.0
Poison Magic   | 1 2 3 |  3.0
Dodging        | 5 6 |  6.0
Stealth        | 5 |  5.6
Summonings     | |  7.8

Action                   |  1- 3 |  4- 6 |  7- 9 || total
-------------------------+-------+-------+-------++-------
Melee: Spear             |   128 |   182 |   100 ||   410
       Bite              |     6 |    14 |    14 ||    34
       Punch             |       |     1 |     1 ||     2
       Trident           |       |       |    80 ||    80
Throw: Boomerang         |       |     3 |       ||     3
 Cast: Summon Small Mamm |    23 |       |       ||    23
       Call Imp          |     9 |    23 |    12 ||    44
       Call Canine Famil |     3 |    17 |    18 ||    38
       Summon Lightning  |       |       |     9 ||     9
  Use: Scroll            |       |     8 |     6 ||    14
       Potion            |       |     1 |     4 ||     5
 Stab: Distracted        |     1 |     1 |       ||     2
       Sleeping          |     3 |     5 |     2 ||    10
Armor: Robe              |    11 |       |       ||    11
       Leather armour    |     6 |    23 |    80 ||   109
       Ring mail         |       |    45 |       ||    45
Dodge: Dodged            |    53 |    91 |   114 ||   258

Table legend: (Time is in decaauts)
 A = Elapsed time spent in this place.
 B = Non-inter-level travel time spent in this place.
 C = Inter-level travel time spent in this place.
 D = Time resting spent in this place.
 E = Time spent auto-exploring this place.
 F = Levels seen in this place.
 G = Mean time per level.
                   A        B        C        D        E       F      G
               +--------+--------+--------+--------+--------+-----+--------+
         Total |   7115 |   6793 |    322 |   1237 |   3682 |   7 | 1016.4 |
       Dungeon |   6718 |   6396 |    322 |   1119 |   3530 |   6 | 1119.7 |
         Sewer |    396 |    396 |      0 |    118 |    152 |   1 |  396.0 |
               +--------+--------+--------+--------+--------+-----+--------+

Top non-repeatable levels by time:
     D:2: 1562 daAuts
     D:5: 1240 daAuts
     D:3: 1112 daAuts
     D:6: 1047 daAuts
     D:1: 998 daAuts
     D:4: 757 daAuts
   Sewer: 396 daAuts
